 Dungeon Crawl Stone Soup version 0.21-a0-104-g7b58145 (webtiles) character file.

5301 KristoblXynda the Covert (level 10, -12/77 HPs)
             Began as a Demigod Artificer on July 5, 2017.
             Mangled by Soeti's ghost (17 damage)
             ... on level 8 of the Dungeon.
             The game lasted 00:35:56 (13792 turns).

KristoblXynda the Covert (Demigod Artificer)       Turns: 13792, Time: 00:35:58

Health: -12/77     AC: 10    Str: 26    XL:     10   Next: 15%
Magic:  20/20      EV: 15    Int: 19    God:
Gold:   305        SH:  8    Dex: 20    Spells: 9/9 levels left

rFire    . . .     SeeInvis +   m - +2 dagger (venom)
rCold    + . .     Gourm    .   D - +2 buckler
rNeg     . . .     Faith    .   s - +2 leather armour "Xogotuch" {rCorr Dex+4 Stlth-}
rPois    .         Spirit   .   b - +1 helmet
rElec    .         Reflect  .   F - +0 cloak
rCorr    +         Harm     .   k - +0 pair of gloves
MR       +....                  j - +0 pair of boots
Stlth    +++.......             e - amulet of rage
HPRegen  0.22/turn              o - ring of see invisible
MPRegen  0.17/turn              a - ring of Baecaadu {rC+ Str+2}

@: mighty, hasted, very quick
A: clever 1, high mp 1, robust 1, sturdy frame 1
a: Evoke Berserk Rage


You were on level 8 of the Dungeon.
You were not hungry.

You visited 2 branches of the dungeon, and saw 9 of its levels.
You also visited: Ossuary.

You collected 494 gold pieces.
You spent 189 gold pieces at shops.

Inventory:

Hand Weapons
 c - a +1 vampiric dagger
 m - a +2 dagger of venom (weapon)
 E - a +1 short sword of venom
Armour
 b - a +1 helmet (worn)
 j - a +0 pair of boots (worn)
 k - a +0 pair of gloves (worn)
 s - the +2 leather armour "Xogotuch" (worn) {rCorr Dex+4 Stlth-}
   (You bought it in a shop on level 4 of the Dungeon)

   It affects your dexterity (+4).
   It protects you from acid and corrosion.
   It makes you less stealthy.
 D - a +2 buckler (worn)
 F - a +0 cloak (worn)
Jewellery
 a - the ring of Baecaadu (right hand) {rC+ Str+2}
   (You took it off an orc priest on level 7 of the Dungeon)

   [ring of protection from cold]

   It affects your strength (+2).
   It protects you from cold.
 e - an amulet of rage (around neck)
 o - a ring of see invisible (left hand)
Wands
 d - a wand of enslavement (9/24)
 f - a wand of confusion (0/48)
 y - a wand of disintegration (0/24)
 C - a wand of lightning (1/15)
Scrolls
 g - a scroll of amnesia
 p - 2 scrolls of enchant armour
 r - 5 scrolls of remove curse
 u - 4 scrolls of blinking
 v - 4 scrolls of teleportation
 A - a scroll of magic mapping
Potions
 h - 4 potions of flight
 i - a potion of curing
 l - a potion of might
 t - a potion of ambrosia {unknown}
 w - 3 potions of magic
 x - a potion of haste
 z - a potion of brilliance {unknown}
Books
 B - Vehumet's Papyrus of Combat Magic
   (You found it on level 7 of the Dungeon)

   Spells                             Type                      Level
   a - Flame Tongue                   Conjuration/Fire             1
Comestibles
 n - a meat ration
 q - 3 bread rations


   Skills:
 - Level 0.8 Fighting
 - Level 5.0 Short Blades
 + Level 1.2 Armour
 + Level 4.4 Dodging
 + Level 8.9 Stealth
 - Level 4.3 Shields
 + Level 8.7 Evocations


You had 9 spell levels left.
You didn't know any spells.

Dungeon Overview and Level Annotations

Branches:
Dungeon (8/15)             Temple (1/1) D:6            Lair (0/6) D:8

Shops:
D:4 [(%[

Annotations:
D:8 Soeti's ghost, novice DgFi


Innate Abilities, Weirdness & Mutations

You have an increased reservoir of magic. (+10% MP)
Your mind is acute. (Int +2)
You are robust. (+10% HP)
Your movements are slightly less encumbered by armour. (ER -2)


Message History

Soeti's ghost is heavily damaged.
Soeti's ghost hits you.
* * * LOW HITPOINT WARNING * * *
You hit Soeti's ghost but do no damage.
Soeti's ghost is heavily damaged.
You hit Soeti's ghost.
Soeti's ghost is severely damaged.
Soeti's ghost barely misses you.
You hit Soeti's ghost but do no damage.
Soeti's ghost is severely damaged.
You hit Soeti's ghost.
Soeti's ghost is severely damaged.
Soeti's ghost hits you!!
* * * LOW HITPOINT WARNING * * *
You puncture Soeti's ghost!
Soeti's ghost is severely damaged.
You hit Soeti's ghost but do no damage.
Soeti's ghost is severely damaged.
Soeti's ghost hits you!
You die...

###### .....#
##########
####.#
#....†.<@# #.#
#†######W#
##.## #.# #.#
###...###.#
#[#
..........#
#.#
.##.#.########
#.#
...###....[..#
#.# .###
#######.# #.#
.# #.#


You could see Soeti's ghost.

Vanquished Creatures
  A two-headed ogre (D:7)
  2 hippogriffs
  A hungry ghost (D:7)
  Menkaure (D:6)
  A water moccasin (D:8)
  2 orc warriors (D:6)
  4 porcupines (D:8)
  2 black bears (D:8)
  4 sky beasts
  2 phantoms
  2 centaurs
  5 ogres
  7 bullfrogs
  A scorpion (D:8)
  A crimson imp (D:6)
  Crazy Yiuf (D:7)
  3 bullfrog skeletons
  6 orc priests
  6 hounds
  9 orc wizards
  6 worker ants
  2 iguanas
  A hound skeleton (D:5)
  14 mummies (Ossuary)
  Robin (D:2)
  9 adders
  6 gnolls
  A shadow imp (D:5)
  3 oozes
  An adder zombie (D:7)
  6 worms
  5 leopard geckos
  35 orcs
  A ball python (D:7)
  3 giant cockroaches
  14 hobgoblins
  9 jackals (D:6)
  3 quokkas
  9 bats
  3 frilled lizards
  A gnoll skeleton (Ossuary)
  14 goblins
  3 goblin skeletons (Ossuary)
  A jackal skeleton (D:6)
  7 kobolds
  2 kobold skeletons (Ossuary)
  2 orc skeletons (Ossuary)
  3 quokka zombies
  11 rats
  11 rat skeletons (Ossuary)
248 creatures vanquished.

Vanquished Creatures (collateral kills)
  An ogre (D:6)
1 creature vanquished.

Vanquished Creatures (others)
  A goblin (D:2)
  A hobgoblin (D:2)
  15 fungi (D:8)
  5 plants (D:8)
22 creatures vanquished.

Grand Total: 271 creatures vanquished

Notes
Turn   | Place    | Note
-------+----------+-------------------------------------------
     0 | D:1      | KristoblXynda the Demigod Artificer began the quest for the Orb.
     0 | D:1      | Reached XP level 1. HP: 15/15 MP: 5/5
    23 | D:1      | Reached skill level 1 in Stealth
    95 | D:1      | Reached skill level 1 in Short Blades
   661 | D:1      | Reached XP level 2. HP: 22/22 MP: 6/6
   839 | D:1      | Found a sparkling altar of Nemelex Xobeh.
  1147 | D:2      | Found an ornate altar of the Wu Jian Council.
  1240 | D:2      | Noticed Robin
  1466 | D:2      | Reached XP level 3. HP: 13/27 MP: 7/7
  1676 | D:2      | HP: 1/27 [shot self (9)]
  1714 | D:2      | Killed Robin
  2301 | D:2      | Reached XP level 4. HP: 34/34 MP: 9/9
  2414 | D:2      | Found a shimmering altar of Xom.
  2414 | D:2      | Found an opulent altar of Gozag.
  4110 | D:3      | Found a stormy altar of Qazlal.
  4110 | D:3      | Found a bloodstained altar of Trog.
  4336 | D:4      | Found a stormy altar of Qazlal.
  4453 | D:4      | Noticed a phantom
  4483 | D:4      | Killed a phantom
  4483 | D:4      | Reached XP level 5. HP: 32/39 MP: 10/10
  4495 | D:4      | Found Ytze Zick's Weapon Boutique.
  4566 | D:4      | Found Cerijoing's Antique Armour Shop.
  4642 | D:4      | Bought a jewelled leather armour for 189 gold pieces
  4653 | D:4      | Identified the +2 leather armour "Xogotuch" {rCorr Dex+4 Stlth-} (You bought it in a shop on level 4 of the Dungeon)
  4847 | D:4      | Reached XP level 6. HP: 30/46 MP: 12/12
  4869 | D:4      | Found Liskaill's Antique Armour Shoppe.
  5277 | D:4      | Found Miallax's Food Shoppe.
  5352 | D:4      | Reached skill level 5 in Evocations
  5352 | D:4      | Reached XP level 7. HP: 51/51 MP: 13/13
  5537 | D:5      | Entered Level 5 of the Dungeon
  5628 | D:5      | Found a sand-covered staircase.
  5636 | Ossuary  | Entered an ossuary
  7896 | D:5      | Reached skill level 5 in Stealth
  8292 | D:5      | Reached skill level 5 in Short Blades
  8676 | D:6      | Reached XP level 8. HP: 44/58 MP: 15/15
  8970 | D:6      | Noticed Menkaure
  8978 | D:6      | Killed Menkaure
  8978 | D:6      | Reached skill level 1 in Shields
 10080 | D:6      | Found a staircase to the Ecumenical Temple.
 10397 | Temple   | Entered the Ecumenical Temple
 10439 | D:7      | Found a burning altar of Makhleb.
 10446 | D:7      | Found a glowing silver altar of Zin.
 10446 | D:7      | Noticed an angel
 10447 | D:7      | Noticed a blizzard demon
 10550 | D:7      | Reached XP level 9. HP: 44/63 MP: 17/17
 10837 | D:7      | Got a coiled wooden ring
 10839 | D:7      | Identified the ring of Baecaadu {rC+ Str+2} (You took it off an orc priest on level 7 of the Dungeon)
 10871 | D:7      | Gained mutation: Your flesh is heat resistant. (rF+) [mutagenic meat]
 10872 | D:7      | Gained mutation: Your movements are slightly less encumbered by armour. (ER -2) [mutagenic meat]
 10873 | D:7      | Lost mutation: Your flesh is heat resistant. (rF+) [mutagenic meat]
 10874 | D:7      | Gained mutation: Your mind is acute. (Int +2) [mutagenic meat]
 10875 | D:7      | Gained mutation: You are robust. (+10% HP) [mutagenic meat]
 11329 | D:7      | Found a runed door.
 11598 | D:7      | Found a radiant altar of Vehumet.
 11625 | D:7      | Identified Vehumet's Papyrus of Combat Magic
 11633 | D:7      | Found an ancient bone altar of Kikubaaqudgha.
 11658 | D:7      | Found a deep blue altar of Sif Muna.
 11932 | D:7      | Noticed Crazy Yiuf
 11936 | D:7      | Killed Crazy Yiuf
 11990 | D:8      | Noticed a two-headed ogre
 12041 | D:7      | Killed a two-headed ogre
 12564 | D:8      | Found a staircase to the Lair.
 12910 | D:8      | Reached XP level 10. HP: 24/77 MP: 20/20
 13480 | D:8      | Noticed Soeti's ghost (novice DgFi)
 13695 | D:8      | Reached skill level 1 in Armour
 13792 | D:8      | Mangled by Soeti's ghost

Vault maps used:
D:1:      elethiomel_arrival_infinity_welcomes_careful_drivers,
          nemelex_diamond_rough_becter
D:2:      gammafunk_temple_overflow_statue, lemuel_round_altar, uniq_robin
D:3:      gammafunk_temple_overflow_elements, glass_columns_b,
          kennysheep_nondescript
D:4:      serial_shops, shop_coins, nicolae_shop_trees, kennysheep_little_box,
          nicolae_shop_temple_entry_statues_fountains,
          nicolae_qazlal_general_emergency
D:5:      enter_ossuary_4, serial_glass, glass_columns_a, glass_columns_b,
          first_bread
D:6:      minmay_temple_entry_large_hall, uniq_menkaure
D:7:      cheibrodos_quashed, palyth_temple_overflow_mages,
          grunt_temple_overflow_order_and_chaos_2, uniq_crazy_yiuf_cottage
D:8:      due_lair_maze_entry_diamond, the_bakery
Temple:   minmay_temple_bridge_abc
Ossuary:  ossuary_due_small_catacomb

Skill      XL: |  1  2  3  4  5  6  7  8  9 10 |
---------------+-------------------------------+-----
Stealth        | 1 2 3 4 5 7 8 |  8.9
Short Blades   | 1 2 3 5 |  5.0
Evocations     | 3 4 5 7 8 |  8.7
Dodging        | 2 4 |  4.4
Shields        | 3 4 |  4.3
Armour         | 1 |  1.2
Fighting       | |  0.8

Action                   |  1- 3 |  4- 6 |  7- 9 | 10-12 || total
-------------------------+-------+-------+-------+-------++-------
Melee: Short sword       |   145 |   201 |   366 |       ||   712
       Dagger            |       |       |   512 |   131 ||   643
Evoke: Wand              |    13 |    43 |    32 |     1 ||    89
  Use: Scroll            |     2 |     5 |    15 |     2 ||    24
       Potion            |     2 |       |    10 |     4 ||    16
 Stab: Sleeping          |     4 |     3 |    14 |     4 ||    25
       Confused          |       |     1 |     3 |       ||     4
       Distracted        |       |       |     3 |       ||     3
  Eat: Chunk             |     4 |     6 |    20 |     2 ||    32
       Bread ration      |       |     1 |     1 |       ||     2
       Fruit             |       |       |     3 |       ||     3
       Meat ration       |       |       |     1 |       ||     1
       Royal jelly       |       |       |     2 |       ||     2
Armor: Leather armour    |    19 |    19 |   172 |    30 ||   240
       Ring mail         |    29 |    54 |       |       ||    83
       Skin              |       |       |   138 |       ||   138
Dodge: Dodged            |    78 |   104 |   312 |    46 ||   540
Block: Buckler           |       |       |   199 |    30 ||   229
